 BcadrenCrawl: Boulder Brew version 0.06-688-g08e91b2d95 (webtiles) character file.

Game seed: 7430347673354365167

2062 Leeroy the Quickloader (level 9, 0/80 HPs) Tengu Centaur. Began on Jan 22, 2023. Was an Initiate of Hepliaklqana. Slain by an orc warrior ... wielding a cursed +3 war axe of freezing {(Curse: Fragile)} (9 damage) ... on level 4 of the Dungeon. The game lasted 00:27:01 (6761 turns).

Leeroy the Quickloader (Tengu Centaur)              Turns: 6761, Time: 00:27:01

Health: 0/80       AC:  8    Str: 17    XL:     9 ^: 2581
Magic:  10/10      EV: 12    Int: 13    God:    Hepliaklqana [0* [25]]
Gold:   262        SH:  0    Dex: 12    Spells: 8/8 levels left

rFire    + . .     Slash    x   a - +0 hand crossbow
rCold    . . .     Pierce   .   w - +0 long sword
rNeg     + . .     Bludgeon .   S - +0 leather armour {rF+}
rCorr    . . .     Vision   +   A - +0 hat {+Vis}
rPois    .         Gourm    .   (no cloak)
rElec    .         Faith    .   R - +0 pair of clawed gauntlets
MR       .....     Spirit   .   t - +0 centaur barding
HPRegen  0.36/turn Reflect  .   i - amulet of the acrobat
MPRegen  0.20/turn Harm     .   j - ring of positive energy
Stlth    ++........             K - ring of stealth

@: flying quickly and evasively, studying Maces & Staves, very quick
A: large, reduced essence, beak, hippogriff form, talons, deformed body 1, speed
2, tengu flight, soft flesh, AC +3
a: Stop Flying, Recall Ancestor, Ancestor Identity, Renounce Religion


You were on level 4 of the Dungeon.
You worshipped Hepliaklqana.
Hepliaklqana was noncommittal.
You were hungry.

You visited 2 branches of the dungeon, and saw 6 of its levels.

You collected 262 gold pieces.

Inventory:

Weapons
 a - a +0 hand crossbow (weapon)
 b - a +0 short sword
 v - a cursed +0 short sword {(Curse: MR-)}
 w - a +0 long sword (weapon)
 D - a +1 dire flail of caustic ooze Shields
 o - a +0 scutum
 B - a +0 sai
 G - a +0 sai
Armour
 c - a +0 leather armour
 t - a +0 centaur barding (worn)
 x - a +0 plate armour
 y - a +0 ring mail
 A - a +0 hat of improved vision (worn)
 R - a +0 pair of clawed gauntlets (worn)
 S - a +0 leather armour of fire resistance (worn)
Jewellery
 i - an amulet of the acrobat (around neck)
 j - a ring of positive energy (left claw)
 n - an uncursed amulet of faith
 p - a cursed ring of ice {(Curse: Str-2)}
 E - the amulet of the Air {-Vis +Fly rElec EV+5 RMsl}
   (You took it off an orc on level 4 of the Dungeon)

   [amulet of reduced vision]

   It blurs your vision.
   It affects your evasion (+5).
   It insulates you from electricity.
   It blurs your vision.
   It lets you fly.
   It protects you from missiles.
 F - a cursed amulet of rage {(Curse: Dex-2)}
 H - a cursed ring of ice {(Curse: Slay-6)}
 K - a ring of stealth (right claw)
 M - an uncursed amulet of the gourmand
Wands
 u - a wand of flame (15)
 Q - a wand of ensnaring (11)
Scrolls
 e - 5 scrolls of teleportation
 f - 2 scrolls of enchantment
 m - a scroll of blinking
 q - 2 scrolls of holy word
 z - a scroll of immolation
 C - a scroll of bless item
 L - 3 scrolls of random uselessness
 N - a scroll of magic mapping
Potions
 g - 2 potions of curing
 k - a potion of cure mutation
 l - 2 potions of haste
 r - 2 potions of mutation
 s - a potion of heal wounds
 I - 2 potions of brilliance
 J - a potion of invisibility
 O - a potion of might
 P - 2 potions of agility
Miscellaneous
 h - a fan of gales
Comestibles
 d - 9 rations


   Skills:
 - Level 2.4 Fighting
 - Level 3.9 Long Blades
 - Level 12.2 Crossbows
 + Level 6.4 Dodging
 - Level 1.0 Stealth


You had 8 spell levels left.
You didn't know any spells.
Your spell library was empty.

Dungeon Overview and Level Annotations

Branches:
Dungeon (5/8)              Temple (1/1) D:4
   Lair: D:5

Altars:
Ashenzari
Cheibriados
Dithmenos
Elyvilon
Fedhas Madash
Gozag Ym Sagoz
Hepliaklqana
Kikubaaqudgha
Makhleb
Nemelex Xobeh
Okawaru
Qazlal
Ru
Sif Muna
Trog
Uskayaw
Vehumet
Wu Jian
Xom
Zin
The Shining One


Innate Abilities, Weirdness & Mutations

Your horsehide is resilient. (AC +3)
You have a beak for a mouth.
You have a hippogriff-like bottom half; talons in the front, hooves in the back.
Armour fits poorly on your strangely shaped body.
You cover ground very quickly.
You can fly continuously.
Your speed and evasion are boosted while flying.
Your soft flesh is weak to deep cuts.
Heavy manmade armour will nullify this weakness. (rSlashing-)
Your life essence is reduced to manifest your ancestor. (-10% HP)


Message History

You hit the orc warrior but do no damage.
You claw the orc warrior (5). Your peck misses the orc warrior.
The orc warrior is heavily wounded. (12/28) HP The orc warrior hits you with a cursed +3 war axe of freezing {(Curse: Fragile)} (28)!!
You are lacerated severely!
The orc warrior freezes you (11)!
The orc warrior hits Khabaw with a cursed +3 war axe of freezing {(Curse: Fragile)} (3).
Khabaw hits the orc warrior (4).
Khabaw pecks the orc warrior (1).
He is perforated ruthlessly!
You closely miss the orc warrior.
You peck the orc warrior, but do no damage.
The orc warrior is severely wounded. (8/28) HP The scorpion pinches you (3).
The scorpion pinches you but does no damage.
The scorpion bites you (4). The scorpion stings you (3).
Khabaw points at the orc warrior and mumbles some strange words.
The orc warrior is frozen (3).
The orc warrior hits you with a cursed +3 war axe of freezing {(Curse: Fragile)} (23)!!
You are lacerated severely!
* * * LOW HITPOINT WARNING * * *
The orc warrior freezes you (9)!
You die...

### #.## ..# ##.# ..# ########
#.## ..# #......# ##.# ..##
####'####.###..### ...#
#.......#........# ...#
#.......#........## ...#
#...>...#.........# ..##
#..@R...#.........# #..##
#..os...#.........## ##..##
####'####..........#
###)###########..#.............#
##...s.o.....................#
#...##############..........#
##.......#### #..........#
##...o.......### #........###
#.......s......### ##......##


You could see the friendly Khabaw the ancestor, an orc warrior and a scorpion.

Vanquished Creatures
  A water moccasin (D:4)
  Edmund (D:3)
  2 scorpions
  3 ogres
  A crocodile (D:2)
  A big kobold (D:3)
  6 howler monkeys
  An orc priest (D:4)
  A hound (D:4)
  6 jellies
  4 orc wizards
  2 iguanas (D:4)
  A worker ant (D:2)
  A wyvern zombie (D:4)
  A water moccasin skeleton (D:4)
  8 giant cockroaches
  A cysgobwca (D:3)
  9 adders
  A gnoll (D:4)
  A gwybwca (D:4)
  6 sewer rats
  8 cinder newts
  2 worms
  2 bullfrogs (D:4)
  An ooze (D:2)
  2 dart slugs (D:1)
  3 leopard geckos
  18 orcs
  5 ball pythons
  A cinder newt skeleton (D:2)
  4 goblins (D:1)
  8 hobgoblins (D:1)
  9 jackals
  10 kobolds (D:1)
  2 quokkas
  4 bats
  A jackal skeleton (D:3)
  A leopard gecko skeleton (D:2)
  6 rats (D:1)
  2 giant blowflies (D:2)
  A withered plant (D:2)
148 creatures vanquished.

Vanquished Creatures (collateral kills)
  An adder (D:4)
  A gnoll (D:4)
2 creatures vanquished.

Vanquished Creatures (others)
  A leopard gecko (D:2)
  A bat skeleton (D:2)
  2 ancestors (D:4)
  A slimehead (D:2)
  68 withered plants (D:2)
73 creatures vanquished.

Grand Total: 223 creatures vanquished

Notes
Turn   | Place    | Note
-------+----------+-------------------------------------------
     0 | D:1      | Leeroy the Tengu Centaur began the quest for the Orb.
     0 | D:1      | Reached XP level 1. HP: 24/24 MP: 2/2
    66 | D:1      | Reached XP level 2. HP: 32/32 MP: 3/3
    72 | D:1      | Reached skill level 5 in Crossbows
    81 | D:1      | Reached skill level 6 in Crossbows
    81 | D:1      | Reached XP level 3. HP: 40/40 MP: 4/4
   248 | D:1      | Found a sparkling altar of Nemelex Xobeh.
   353 | D:1      | Reached XP level 4. HP: 48/48 MP: 5/5
   414 | D:1      | Reached skill level 7 in Crossbows
  1182 | D:1      | Reached skill level 8 in Crossbows
  1189 | D:2      | Gained mutation: You can fly continuously. Your speed and
                  | evasion are boosted while flying. [Tengu growth]
  1189 | D:2      | Reached XP level 5. HP: 52/56 MP: 6/6
  1619 | D:2      | Reached skill level 9 in Crossbows
  1721 | D:2      | Reached XP level 6. HP: 64/64 MP: 7/7
  1753 | D:2      | Reached skill level 10 in Crossbows
  2617 | D:2      | Reached skill level 11 in Crossbows
  2946 | D:2      | Reached XP level 7. HP: 68/72 MP: 8/8
  3474 | D:3      | Reached skill level 12 in Crossbows
  3547 | D:3      | Noticed Edmund
  3925 | D:3      | Reached skill level 1 in Long Blades
  3997 | D:3      | Identified a scroll of acquirement
  4055 | D:3      | Killed Edmund
  4055 | D:3      | Reached XP level 8. HP: 81/81 MP: 9/9
  4890 | D:3      | Reached skill level 5 in Dodging
  5586 | D:4      | Found a staircase to the Ecumenical Temple.
  5598 | Temple   | Entered the Ecumenical Temple
  5805 | Temple   | Became a worshipper of Hepliaklqana the Forgotten
  6010 | D:4      | Reached XP level 9. HP: 51/80 MP: 10/10
  6254 | D:5      | Entered Level 5 of the Dungeon
  6264 | D:4      | HP: 1/80 [adder (4)]
  6761 | D:4      | Slain by an orc warrior

Illustrated notes

Levels and vault maps discovered:
D:1:      lemuel_arrival_rhombus, layout_loops_corners,
          nemelex_diamond_rough_becter, portal_sewer_entry_a
D:2:      wander_river, layout_sewer, first_ration
D:3:      layout_basic, blue_anna_alchemist [blue_anna_fruit_fields,
          blue_anna_fruit_fields], uniq_edmund
D:4:      layout_cave_pods, temple_green
D:5:      layout_roguey, lair_entry_dummy, uniq_urug, uniq_crazy_yiuf_cottage
Temple:   compressed_dpeg_circular_temple

Skill      XL: |  1  2  3  4  5  6  7  8 |
---------------+-------------------------+-----
Crossbows      | 6 8 9 11 12 | 12.2
Long Blades    | 3 |  3.9
Dodging        | 6 |  6.4
Fighting       | |  2.4
Stealth        | |  1.0

Action                   |  1- 3 |  4- 6 |  7- 9 || total
-------------------------+-------+-------+-------++-------
Melee: Unarmed           |     8 |       |       ||     8
       Kick              |     4 |    17 |    34 ||    55
       Short sword       |     3 |    99 |    44 ||   146
       Tailslap          |       |    10 |    21 ||    31
       Long sword        |       |       |    84 ||    84
 Fire: Hand crossbow     |    30 |   140 |   153 ||   323
Invok: Recall Ancestor   |       |       |     1 ||     1
 Abil: Fly               |       |     1 |       ||     1
  Use: Scroll            |       |       |     1 ||     1
 Stab: Distracted        |       |       |     1 ||     1
  Eat: Chunk             |       |     5 |     9 ||    14
Armor: Leather armour    |     4 |    23 |    43 ||    70
       Ring mail         |       |       |    23 ||    23
Dodge: Dodged            |     4 |    24 |    46 ||    74
       Rpst.: Long sword |       |       |    12 ||    12
